A - U25
LAKEWOOD BLUECLAWS @ GREENVILLE DRIVE
06/08/2052
 
TOP OF THE 1ST
Greensboro Grasshoppers batting - Pitching for South Bend Cubs : RHP Eli Guerrero
Pitching: RHP Eli Guerrero
Batting: LHB Hudson Nenno 0-0: Ground out U3 (Groundball, 3, EV 80.6 MPH)
Batting: SHB Bernardino Hoffman 0-0: Ball
1-0: Called Strike
1-1: Fly out, F7 (Flyball, 7S, EV 89.4 MPH)
Batting: RHB Alirio Cabrera 0-0: Foul Ball, location: 2F
0-1: Foul Ball, location: 23F
0-2: Foul Ball, location: 9LSF
0-2: Strikes out swinging
Top of the 1st over - 0 runs, 0 hits, 0 errors, 0 left on base; Greensboro 0 - South Bend 0
BOTTOM OF THE 1ST
South Bend Cubs batting - Pitching for Greensboro Grasshoppers : RHP Cameron Bossard
Pitching: RHP Cameron Bossard
Batting: SHB Lawrence Platas 0-0: Called Strike
0-1: Ball
1-1: Foul Ball, location: 5FF
1-2: Foul Ball, location: 25F
1-2: Ball
2-2: Foul Ball, location: 7LSF
2-2: Ball
3-2: Ground out 4-3 (Groundball, 4, EV 93.8 MPH)
Batting: LHB Hernando Sánchez 0-0: Fly out, F7 (Flyball, 78M, EV 98.1 MPH)
Batting: RHB John McGalliard 0-0: Ball
1-0: Foul Ball, location: 2F
1-1: Swinging Strike
1-2: Ball
2-2: Ball
3-2: Strikes out looking
Bottom of the 1st over - 0 runs, 0 hits, 0 errors, 0 left on base; Greensboro 0 - South Bend 0
TOP OF THE 2ND
Greensboro Grasshoppers batting - Pitching for South Bend Cubs : RHP Eli Guerrero
Batting: RHB Vic Quiñones 0-0: Called Strike
0-1: Ball
1-1: SOLO HOME RUN (Flyball, 7D, EV 96.9 MPH), Distance : 390 ft
Batting: SHB Zach Gavigan 0-0: Ground out 6-3 (Groundball, 6, EV 83.1 MPH)
Batting: RHB Ezra Espino 0-0: Ball
1-0: Foul Ball, location: 9LDF
1-1: Swinging Strike
1-2: Foul Ball, location: 2F
1-2: Foul Ball, location: 2LF
1-2: Ball
2-2: Ball
3-2: Ground out 6-3 (Groundball, 6, EV 73.8 MPH)
Batting: SHB Cooper Scofield 0-0: Foul Ball, location: 3F
0-1: SINGLE (Groundball, 34D, EV 105.0 MPH)
Batting: SHB Don Glynn 0-0: Ball
1-0: Foul Ball, location: 23FF
1-1: Swinging Strike
1-2: Ball
2-2: Foul Ball, location: 2F
2-2: Ball
3-2: Foul Ball, location: 2LF
3-2: Foul Ball, location: 2F
3-2: Foul Ball, location: 23FF
3-2: Ground out 4-3 (Groundball, 4, EV 83.8 MPH)
Top of the 2nd over - 1 run, 2 hits, 0 errors, 1 left on base; Greensboro 1 - South Bend 0
BOTTOM OF THE 2ND
South Bend Cubs batting - Pitching for Greensboro Grasshoppers : RHP Cameron Bossard
Batting: RHB Kayden Trumble 0-0: Ball
1-0: Ball
2-0: Ball
3-0: Called Strike
3-1: Ground out 6-3 (Groundball, 6, EV 93.8 MPH)
Batting: SHB Nelson Turner 0-0: Foul Ball, location: 7LDF
0-1: Ball
1-1: Called Strike
1-2: Ball
2-2: Strikes out swinging
Batting: LHB Tyler Ciampi 0-0: Called Strike
0-1: Called Strike
0-2: Strikes out swinging
Bottom of the 2nd over - 0 runs, 0 hits, 0 errors, 0 left on base; Greensboro 1 - South Bend 0
TOP OF THE 3RD
Greensboro Grasshoppers batting - Pitching for South Bend Cubs : RHP Eli Guerrero
Batting: SHB Tommy Cavaldi 0-0: Ball
1-0: Ball
2-0: Ball
3-0: Base on Balls
Batting: LHB Hudson Nenno 0-0: Sac Bunt to 13S - play at first, batter OUT! 1-3
Tommy Cavaldi to second
Batting: SHB Bernardino Hoffman 0-0: Ground out 6-3 (Groundball, 6, EV 67.5 MPH)
Batting: RHB Alirio Cabrera 0-0: Ball
1-0: Called Strike
1-1: Foul Ball, location: 9LMF
1-2: Foul Ball, location: 9LDF
1-2: Foul Ball, location: 7LSF
1-2: Foul Ball, location: 9LMF
1-2: Strikes out swinging
Top of the 3rd over - 0 runs, 0 hits, 0 errors, 1 left on base; Greensboro 1 - South Bend 0
BOTTOM OF THE 3RD
South Bend Cubs batting - Pitching for Greensboro Grasshoppers : RHP Cameron Bossard
Batting: SHB Mário Ponzio 0-0: Called Strike
0-1: Ball
1-1: Foul Ball, location: 7LMF
1-2: Ball
2-2: Foul Ball, location: 3FF
2-2: Strikes out swinging
Batting: RHB Meredith Moore 0-0: Called Strike
0-1: Swinging Strike
0-2: Foul Ball, location: 2F
0-2: Ball
1-2: Strikes out looking
Batting: RHB Troy Syddall 0-0: Ball
1-0: Called Strike
1-1: Called Strike
1-2: Strikes out swinging
Bottom of the 3rd over - 0 runs, 0 hits, 0 errors, 0 left on base; Greensboro 1 - South Bend 0
TOP OF THE 4TH
Greensboro Grasshoppers batting - Pitching for South Bend Cubs : RHP Eli Guerrero
Batting: RHB Vic Quiñones 0-0: Ball
1-0: Foul Ball, location: 2F
1-1: Fly out, F8 (Flyball, 8LXD, EV 81.3 MPH)
Batting: SHB Zach Gavigan 0-0: Fly out, F9 (Flyball, 89D, EV 98.8 MPH)
Batting: RHB Ezra Espino 0-0: Ball
1-0: Called Strike
1-1: SOLO HOME RUN (Flyball, 7LD, EV 95.6 MPH), Distance : 367 ft
Batting: SHB Cooper Scofield 0-0: Ball
1-0: SINGLE (Groundball, 4MD, EV 102.5 MPH)
Batting: SHB Don Glynn 0-0: Foul Ball, location: 2LF
0-1: Ball
1-1: Ball
2-1: Foul Ball, location: 25F
2-2: Foul Ball, location: 7LDF
2-2: Fly out, F8 (Line Drive, 8LM, EV 103.8 MPH)
Top of the 4th over - 1 run, 2 hits, 0 errors, 1 left on base; Greensboro 2 - South Bend 0
BOTTOM OF THE 4TH
South Bend Cubs batting - Pitching for Greensboro Grasshoppers : RHP Cameron Bossard
Batting: SHB Lawrence Platas 0-0: Ball
1-0: Ball
2-0: Called Strike
2-1: Ball
3-1: Base on Balls
Batting: LHB Hernando Sánchez 0-0: Ball
1-0: Foul Ball, location: 2F
1-1: Fielders Choice at 2nd, 4-6 (Groundball, 4, EV 107.5 MPH)
Batting: RHB John McGalliard 0-0: Called Strike
0-1: Foul Ball, location: 5F
0-2: Ball
1-2: Ball
2-2: Ball
3-2: Base on Balls
Hernando Sánchez to second
Batting: RHB Kayden Trumble 0-0: Swinging Strike
0-1: Ball
1-1: Swinging Strike
1-2: Strikes out swinging
Batting: SHB Nelson Turner 0-0: Ball
1-0: Fly out, F9 (Flyball, 9LM, EV 106.3 MPH)
Bottom of the 4th over - 0 runs, 0 hits, 0 errors, 2 left on base; Greensboro 2 - South Bend 0
TOP OF THE 5TH
Greensboro Grasshoppers batting - Pitching for South Bend Cubs : RHP Eli Guerrero
Batting: SHB Tommy Cavaldi 0-0: Ball
1-0: Called Strike
1-1: Called Strike
1-2: Foul Ball, location: 2F
1-2: Ball
2-2: Foul Ball, location: 25F
2-2: Foul Ball, location: 2F
2-2: Ball
3-2: Fly out, F8 (Flyball, 8LXD, EV 110.0 MPH)
Batting: LHB Hudson Nenno 0-0: Ball
1-0: Ball
2-0: Foul Ball, location: 3FF
2-1: Ball
3-1: Base on Balls
Batting: SHB Bernardino Hoffman 0-0: Called Strike
0-1: Ball
1-1: Ball
2-1: Ground out 6-3 (Groundball, P, EV 83.8 MPH)
Hudson Nenno to second
Batting: RHB Alirio Cabrera 0-0: Fly out, F6 (Popup, 6, EV 60.0 MPH)
Top of the 5th over - 0 runs, 0 hits, 0 errors, 1 left on base; Greensboro 2 - South Bend 0
BOTTOM OF THE 5TH
South Bend Cubs batting - Pitching for Greensboro Grasshoppers : RHP Cameron Bossard
Batting: LHB Tyler Ciampi 0-0: Ball
1-0: Ball
2-0: Ball
3-0: Called Strike
3-1: Base on Balls
Batting: SHB Mário Ponzio 0-0: Ball
1-0: Sac Bunt to P - play at first, batter OUT! 1-3
Tyler Ciampi to second
Batting: RHB Meredith Moore 0-0: SINGLE (Line Drive, 8RS, EV 105.0 MPH)
Tyler Ciampi to third
Batting: RHB Troy Syddall 0-0: Fly out, F7 (Flyball, 7S, EV 100.6 MPH)
Batting: SHB Lawrence Platas 0-0: Ball
1-0: Called Strike
1-1: Foul Ball, location: 3SF
1-2: Foul Ball, location: 2F
1-2: Strikes out swinging
Bottom of the 5th over - 0 runs, 1 hit, 0 errors, 2 left on base; Greensboro 2 - South Bend 0
TOP OF THE 6TH
Greensboro Grasshoppers batting - Pitching for South Bend Cubs : RHP Eli Guerrero
Batting: RHB Vic Quiñones 0-0: Ball
1-0: Called Strike
1-1: Ball
2-1: Ground out 6-3 (Groundball, 6, EV 71.9 MPH)
Batting: SHB Zach Gavigan 0-0: Ball
1-0: Called Strike
1-1: Called Strike
1-2: Ball
2-2: Ball
3-2: Base on Balls
Batting: RHB Ezra Espino 0-0: Ball
1-0: Ball
2-0: Foul Ball, location: 25F
2-1: Called Strike
2-2: Strikes out swinging
Batting: SHB Cooper Scofield 0-0: Ground out U3 (Groundball, 3, EV 82.5 MPH)
Top of the 6th over - 0 runs, 0 hits, 0 errors, 1 left on base; Greensboro 2 - South Bend 0
BOTTOM OF THE 6TH
South Bend Cubs batting - Pitching for Greensboro Grasshoppers : RHP Cameron Bossard
Pitching: RHP T.J. Fields
Batting: LHB Hernando Sánchez 0-0: Ball
1-0: Called Strike
1-1: Called Strike
1-2: Ground out 5-3 (Groundball, 5, EV 88.8 MPH)
Batting: RHB John McGalliard 0-0: Called Strike
0-1: Swinging Strike
0-2: Strikes out swinging
Batting: RHB Kayden Trumble 0-0: Called Strike
0-1: Ball
1-1: Ball
2-1: Called Strike
2-2: Strikes out swinging
Bottom of the 6th over - 0 runs, 0 hits, 0 errors, 0 left on base; Greensboro 2 - South Bend 0
TOP OF THE 7TH
Greensboro Grasshoppers batting - Pitching for South Bend Cubs : RHP Eli Guerrero
Batting: SHB Don Glynn 0-0: Ball
1-0: Ball
2-0: Ball
3-0: Called Strike
3-1: Foul Ball, location: 5SF
3-2: SINGLE (Groundball, 34D, EV 109.4 MPH)
Batting: SHB Tommy Cavaldi 0-0: Ball
1-0: Bunted foul
1-1: Ball
2-1: Sac Bunt to 5S - play at first, batter OUT! 5-4
Don Glynn to second
Pitching: RHP Zander Carrion
Batting: LHB Hudson Nenno 0-0: Called Strike
0-1: Ball
1-1: Ground out 3-1 (Groundball, 34, EV 90.6 MPH)
Don Glynn to third
Batting: SHB Bernardino Hoffman 0-0: Called Strike
0-1: Ball
1-1: Called Strike
1-2: Strikes out swinging
Top of the 7th over - 0 runs, 1 hit, 0 errors, 1 left on base; Greensboro 2 - South Bend 0
BOTTOM OF THE 7TH
South Bend Cubs batting - Pitching for Greensboro Grasshoppers : RHP T.J. Fields
Batting: SHB Nelson Turner 0-0: Ball
1-0: Ball
2-0: Ball
3-0: Base on Balls
Batting: LHB Tyler Ciampi 0-0: Foul Ball, location: 2LF
0-1: Ball
1-1: Foul Ball, location: 2F
1-2: Strikes out swinging
Batting: SHB Mário Ponzio 0-0: SINGLE (Groundball, 6S, EV 74.4 MPH) (infield hit)
Nelson Turner to second
Pinch Hitting: LHB Eric Lindberg 0-0: Called Strike
0-1: Foul Ball, location: 25F
0-2: SINGLE (Groundball, 4MD, EV 94.4 MPH)
Nelson Turner to third
Mário Ponzio to second
Runner from 3rd tries for Home, SAFE, throw by CF to home
Batting: RHB Troy Syddall 0-0: Called Strike
0-1: Ball
1-1: Called Strike
1-2: Strikes out swinging
Batting: SHB Lawrence Platas 0-0: Ball
1-0: Ball
2-0: Foul Ball, location: 2F
2-1: Ball
3-1: Foul Ball, location: 3DF
3-2: Foul Ball, location: 2F
3-2: Foul Ball, location: 3F
3-2: Base on Balls
Mário Ponzio to third
Eric Lindberg to second
Pitching: RHP Carlos Ramírez
Batting: LHB Hernando Sánchez 0-0: Foul Ball, location: 5FF
0-1: Foul Ball, location: 2F
0-2: Fielders Choice at 2nd, U6 (Groundball, 6M, EV 86.9 MPH)
Bottom of the 7th over - 1 run, 2 hits, 0 errors, 3 left on base; Greensboro 2 - South Bend 1
TOP OF THE 8TH
Greensboro Grasshoppers batting - Pitching for South Bend Cubs : RHP Zander Carrion
Now in RF: Eric Lindberg
Batting: RHB Alirio Cabrera 0-0: Fly out, F4 (Flyball, 34D, EV 88.8 MPH)
Batting: RHB Vic Quiñones 0-0: Ground out 6-3 (Groundball, 6, EV 77.5 MPH)
Batting: SHB Zach Gavigan 0-0: Called Strike
0-1: Called Strike
0-2: Ball
1-2: Strikes out looking
Top of the 8th over - 0 runs, 0 hits, 0 errors, 0 left on base; Greensboro 2 - South Bend 1
BOTTOM OF THE 8TH
South Bend Cubs batting - Pitching for Greensboro Grasshoppers : RHP Carlos Ramírez
Batting: RHB John McGalliard 0-0: Foul Ball, location: 5DF
0-1: Ball
1-1: Called Strike
1-2: Ball
2-2: Ball
3-2: SINGLE (Groundball, 34D, EV 95.0 MPH)
Batting: RHB Kayden Trumble 0-0: Called Strike
0-1: Called Strike
0-2: Ball
1-2: Ball
2-2: Fly out, F8 (Line Drive, 78D, EV 100.0 MPH)
Batting: RHB Lorne Blanchard 0-0: Ball
1-0: Ball
2-0: Called Strike
2-1: Ball
3-1: Swinging Strike
3-2: Fly out, F9 (Flyball, 9LS, EV 96.9 MPH)
Batting: LHB Tyler Ciampi 0-0: Ball
1-0: Ball
2-0: Ball
3-0: Called Strike
3-1: Called Strike
3-2: Fly out, F9 (Flyball, 9, EV 81.3 MPH)
Bottom of the 8th over - 0 runs, 1 hit, 0 errors, 1 left on base; Greensboro 2 - South Bend 1
TOP OF THE 9TH
Greensboro Grasshoppers batting - Pitching for South Bend Cubs : RHP Zander Carrion
Pitching: RHP Russell Resink
Batting: RHB Ezra Espino 0-0: Swinging Strike
0-1: Ball
1-1: Foul Ball, location: 2F
1-2: Foul Ball, location: 3F
1-2: Strikes out swinging
Batting: SHB Cooper Scofield 0-0: Ball
1-0: Ball
2-0: Called Strike
2-1: Ball
3-1: Swinging Strike
3-2: Strikes out looking
Batting: SHB Don Glynn 0-0: Called Strike
0-1: Called Strike
0-2: Strikes out swinging
Top of the 9th over - 0 runs, 0 hits, 0 errors, 0 left on base; Greensboro 2 - South Bend 1
BOTTOM OF THE 9TH
South Bend Cubs batting - Pitching for Greensboro Grasshoppers : RHP Carlos Ramírez
Pitching: LHP Irving Timmons
Now at 1B: Noah Combs
Batting: SHB Mário Ponzio 0-0: Foul Ball, location: 23FF
0-1: Swinging Strike
0-2: Ground out 6-3 (Groundball, 6, EV 106.9 MPH)
Batting: LHB Eric Lindberg 0-0: Ball
1-0: Called Strike
1-1: Ground out 4-3 (Groundball, 4S, EV 68.8 MPH)
Batting: RHB Troy Syddall 0-0: Called Strike
0-1: Ball
1-1: Called Strike
1-2: Strikes out looking
Bottom of the 9th over - 0 runs, 0 hits, 0 errors, 0 left on base; Greensboro 2 - South Bend 1
Wednesday, April 24th , 2024 - OOTP Baseball 24.11 Build 85